 Dungeon Crawl Stone Soup version 0.28-a0-1493-g08698888e4 (webtiles) character file.

Game seed: 7838359046392464674

39 iamoutofideas the Grasshopper (level 3, -2/31 HPs)
             Began as a Gnoll Warper on Jan 12, 2022.
             Slain by a worm (7 damage)
             ... on level 2 of the Dungeon.
             The game lasted 00:00:49 (1468 turns).

iamoutofideas the Grasshopper (Gnoll Warper)        Turns: 1468, Time: 00:00:49

Health: -2/31      AC:  3    Str: 10    XL:     3   Next: 47%
Magic:  9/9        EV: 12    Int: 14    God:
Gold:   51         SH:  0    Dex: 11    Spells: 10/12 levels left

rFire   . . .      SeeInvis .   a - +0 hand axe
rCold   . . .      Faith    .   (no shield)
rNeg    . . .      Spirit   .   b - +0 leather armour
rPois   .          Reflect  .   (no helmet)
rElec   .          Harm     .   (no cloak)
rCorr   .          Rampage  .   (no gloves)
Will    .....                   (no boots)
Stlth   +.........              (no amulet)
HPRegen 0.10/turn               (no ring)
MPRegen 0.11/turn               (no ring)

@: no status effects
A: fangs 1, strong nose, distributed training
a: no special abilities


You were on level 2 of the Dungeon.
You visited 1 branch of the dungeon, and saw 2 of its levels.

You collected 51 gold pieces.

Inventory:

Hand Weapons
 a - a +0 hand axe (weapon)
Missiles
 d - 5 boomerangs of dispersal (quivered)
 f - 15 stones
Armour
 b - a +0 leather armour (worn)
 e - a +0 pair of boots
Scrolls
 c - a scroll of blinking
 i - 2 scrolls of identify {unknown}
 j - a scroll of teleportation {unknown}
Potions
 g - a potion of brilliance {unknown}
 h - a potion of curing {unknown}


   Skills:
 + Level 4.5 Fighting
 + Level 0.8 Short Blades
 + Level 0.8 Long Blades
 + Level 4.5 Axes
 + Level 0.8 Maces & Flails
 + Level 0.8 Polearms
 + Level 0.8 Staves
 + Level 0.8 Slings
 + Level 0.8 Bows
 + Level 0.8 Crossbows
 + Level 2.6 Throwing
 + Level 2.6 Armour
 + Level 4.5 Dodging
 + Level 0.8 Stealth
 + Level 0.8 Shields
 + Level 0.8 Unarmed Combat
 + Level 5.0 Spellcasting
 + Level 0.5 Conjurations
 + Level 0.5 Hexes
 + Level 0.5 Summonings
 + Level 0.5 Necromancy
 + Level 5.4 Translocations
 + Level 0.5 Transmutations
 + Level 0.5 Fire Magic
 + Level 0.5 Ice Magic
 + Level 0.5 Air Magic
 + Level 0.5 Earth Magic
 + Level 0.5 Poison Magic
 + Level 1.0 Invocations
 + Level 0.8 Evocations


You had 10 spell levels left.
You knew the following spells:

 Your Spells              Type           Power      Damage    Failure   Level
a - Blink                 Tloc           36%        N/A       3%          2

Your spell library contained the following spells:

 Spells                   Type           Power      Damage    Failure   Level
 Gell's Gravitas          Tloc           18%        N/A       8%          3
 Lesser Beckoning         Tloc           18%        N/A       8%          3
 Teleport Other           Tloc           18%        N/A       8%          3
 Manifold Assault         Tloc           18%        N/A       56%         5


Dungeon Overview and Level Annotations

Branches:
Dungeon (2/15)

Altars:


Innate Abilities, Weirdness & Mutations

You have very sharp teeth.
Your uncanny sense of smell can sniff out nearby items.
Your experience applies equally to all skills.


Message History

A goblin is nearby!
You slash the goblin!
You kill the goblin!
No target in view!
No target in view!
i - 2 scrolls labelled WYGGONE NUPA (gained 1)
You now have 51 gold pieces (gained 13).
You open the door.
There is an open door here.
There is an open door here.
Key pressed, stopping explore.
You open the door.
A worm comes into view.
A worm is nearby!
You hit the worm but do no damage.
A worm is nearby!
A worm is nearby!
You barely miss the worm. The worm barely misses you.
You barely miss the worm. The worm bites you!
You barely miss the worm. You barely miss the worm. The worm bites you!
You are too injured to fight recklessly!
You are too injured to fight recklessly!
You are too injured to fight recklessly!
You barely miss the worm. The worm bites you!
* * * LOW HITPOINT WARNING * * *
You hit the worm. Your bite misses the worm.
The worm is lightly wounded.
You hit the worm.
The worm is moderately wounded.
The worm bites you but does no damage.
You hit the worm.
The worm is heavily wounded.
You barely miss the worm.
The worm is heavily wounded.
The worm barely misses you.
You hit the worm but do no damage.
The worm is heavily wounded.
The worm bites you!
You die...

.....##.......#
.....##.......+
...####.......#
+#......###+###
#......# #.#
#......# #.#
.#......###'######
.................#
########.....###@#
.......'.....# #w#
########.....# #.#
...........### #..
#####..##.## #.#
....#..##.# #..
###.#..##.# #.. #
#.#..##.# #..
###'#..##.##


You could see a worm.

Vanquished Creatures
  An adder (D:2)
  A dart slug (D:2)
  2 ball pythons (D:1)
  3 endoplasms (D:1)
  A giant cockroach (D:2)
  5 goblins
  4 hobgoblins (D:1)
  2 quokkas (D:1)
  A bat (D:1)
  2 kobolds (D:1)
  2 rats (D:1)
24 creatures vanquished.

Notes
Turn   | Place    | Note
-------+----------+-------------------------------------------
     0 | D:1      | iamoutofideas the Gnoll Warper began the quest for the Orb.
     0 | D:1      | Reached XP level 1. HP: 20/20 MP: 6/6
   253 | D:1      | Reached XP level 2. HP: 23/26 MP: 7/7
   627 | D:1      | Learned a level 2 spell: Blink
   911 | D:2      | Reached XP level 3. HP: 26/31 MP: 9/9
   918 | D:2      | Reached skill level 5 in Spellcasting
  1283 | D:2      | Found a faded altar of an unknown god.
  1296 | D:2      | Reached skill level 1 in Invocations
  1468 | D:2      | Slain by a worm

Illustrated notes

Levels and vault maps discovered:
D:1:      heliophobic_arrival_glass_houses, layout_basic, minmay_hedge_maze
D:2:      layout_basic, basic_altar, hellmonk_ecumenical_altar_zigzags,
          chequers_serial_rivers_micro_c, uniq_terence

Skill      XL: |  1  2  3 |
---------------+----------+-----
Spellcasting   | 5 |  5.0
Invocations    | 1 |  1.0
Fighting       | |  4.5
Short Blades   | |  0.8
Long Blades    | |  0.8
Axes           | |  4.5
Maces & Flails | |  0.8
Polearms       | |  0.8
Staves         | |  0.8
Slings         | |  0.8
Bows           | |  0.8
Crossbows      | |  0.8
Throwing       | |  2.6
Armour         | |  2.6
Dodging        | |  4.5
Stealth        | |  0.8
Shields        | |  0.8
Unarmed Combat | |  0.8
Conjurations   | |  0.5
Hexes          | |  0.5
Summonings     | |  0.5
Necromancy     | |  0.5
Translocations | |  5.4
Transmutations | |  0.5
Fire Magic     | |  0.5
Ice Magic      | |  0.5
Air Magic      | |  0.5
Earth Magic    | |  0.5
Poison Magic   | |  0.5
Evocations     | |  0.8

Action                   || total
-------------------------++-------
Melee: Hand axe          ||    81
       Bite              ||     1
       Punch             ||     1
Armor: Leather armour    ||    16
Dodge: Dodged            ||    48

Table legend: (Time is in decaauts)
 A = Elapsed time spent in this place.
 B = Non-inter-level travel time spent in this place.
 C = Inter-level travel time spent in this place.
 D = Time resting spent in this place.
 E = Time spent auto-exploring this place.
 F = Levels seen in this place.
 G = Mean time per level.
                   A        B        C        D        E       F      G
               +--------+--------+--------+--------+--------+-----+--------+
         Total |   1473 |   1450 |     23 |      5 |   1255 |   2 |  736.5 |
       Dungeon |   1473 |   1450 |     23 |      5 |   1255 |   2 |  736.5 |
               +--------+--------+--------+--------+--------+-----+--------+

Top non-repeatable levels by time:
     D:1: 907 daAuts
     D:2: 566 daAuts
